 Dungeon Crawl Stone Soup version 0.30-a0-335-ge5acde7520 (webtiles) character file.

Game seed: 4795187130883478341

8582 greasedhog the Basher (level 11, -12/98 HPs)
             Began as an Armataur Fighter on Oct 30, 2022.
             Was a High Priest of Okawaru.
             Mangled by a two-headed ogre
             ... wielding a +0 giant club
              (15 damage)
             ... on level 10 of the Dungeon.
             The game lasted 00:13:59 (10801 turns).

greasedhog the Basher (Armataur Fighter)           Turns: 10801, Time: 00:13:59

Health: -12/98     AC: 12    Str: 26    XL:     11   Next: 11%
Magic:  16/16      EV:  8    Int:  8    God:    Okawaru [*****.]
Gold:   585        SH:  5    Dex: 10    Spells: 10/10 levels left

rFire   . . .      SeeInvis +    v - +3 whip (flame)
rCold   . . .      Faith    .    c - +0 buckler
rNeg    . . .      Spirit   .    L - +0 acid dragon scales
rPois   +          Reflect  .    J - +0 helmet
rElec   .          Harm     .    E - +0 cloak
rCorr   +          Roll     +    o - +0 pair of gloves
Will    .....                    (no barding)
Stlth   +.........               x - amulet of regeneration
HPRegen 1.16/turn                l - ring of see invisible
MPRegen 0.15/turn                s - ring of poison resistance

@: no status effects
A: large, rugged brown scales 3, deformed body, armoured tail, roll, long
tongue, awkward tongue
a: Renounce Religion, Heroism, Finesse, Duel


You were on level 10 of the Dungeon.
You worshipped Okawaru.
Okawaru was extremely pleased with you.
You visited 2 branches of the dungeon, and saw 11 of its levels.
You also visited: Ossuary.

You collected 585 gold pieces.

Inventory:

Hand Weapons
 v - a +3 whip of flaming (weapon)
Armour
 c - a +0 buckler (worn)
 o - a +0 pair of gloves (worn)
 E - a +0 cloak (worn)
 J - a +0 helmet (worn)
 L - +0 acid dragon scales (worn)
Jewellery
 l - a ring of see invisible (left hand)
 s - a ring of poison resistance (right hand)
 x - an amulet of regeneration (around neck)
Wands
 u - a wand of mindburst (33)
 y - a wand of roots (6)
 D - a wand of quicksilver (11)
 G - a wand of flame (11)
Scrolls
 a - 5 scrolls of teleportation
 b - a scroll of identify
 e - a scroll of brand weapon
 j - 2 scrolls of poison
 k - 6 scrolls of amnesia
 n - a scroll of enchant armour
 r - 2 scrolls of magic mapping
 t - a scroll of immolation
 z - 3 scrolls of fog
 B - 2 scrolls of blinking
 F - 2 scrolls of enchant weapon
Potions
 d - a potion of might
 f - 6 potions of heal wounds {unknown}
 g - 5 potions of lignification {unknown}
 h - 2 potions of mutation {unknown}
 i - 2 potions of cancellation {unknown}
 m - 8 potions of curing
 p - 2 potions of brilliance {unknown}
 q - a potion of magic {unknown}
 w - a potion of haste {unknown}
 A - 2 potions of degeneration {unknown}
 C - a potion of berserk rage {unknown}
 H - a potion of ambrosia {unknown}


   Skills:
 * Level 7.3 Fighting
 * Level 9.3 Maces & Flails
 + Level 9.2 Armour
 - Level 8.0 Shields
 * Level 7.3 Invocations


You had 10 spell levels left.
You didn't know any spells.
Your spell library contained the following spells:

 Spells                   Type           Power      Damage    Failure   Level
 Beastly Appendage        Tmut           0%         N/A       52%         1
 Sandblast                Erth           0%         2d4       52%         1
 Passwall                 Tmut/Erth      0%         N/A       67%         2
 Wereblood                Tmut           0%         N/A       67%         2
 Spider Form              Tmut/Pois      0%         N/A       88%         3
 Stone Arrow              Conj/Erth      0%         3d7       88%         3


Dungeon Overview and Level Annotations

Branches:
Dungeon (10/15)            Temple (1/1) D:4         Ossuary (visited)
   Lair: D:8-11         Orc: D:9-12

Altars:
Ashenzari
Cheibriados
Dithmenos
Elyvilon
Fedhas
Gozag
Hepliaklqana
Kikubaaqudgha
Makhleb
Nemelex Xobeh
Okawaru
Qazlal
Ru
Sif Muna
Trog
Uskayaw
Vehumet
Wu Jian
Xom
Yredelemnul
Zin
The Shining One

Annotations:
D:3 2 transporters


Innate Abilities, Weirdness & Mutations

You are completely covered in rugged brown scales. (AC +3, +7% HP)
Armour fits poorly on your strangely shaped body.
You have a long armoured tail.
You roll when moving toward enemies. (Rampage)
Your long tongue fully drains potion bottles. (2x potion effects)
Your tongue gives you trouble enunciating. (1.5x scroll delay)


Message History

The two-headed ogre hits you with a +0 giant club!!
The two-headed ogre hits you with a +0 giant club!
* * * LOW HITPOINT WARNING * * *
You are too injured to fight recklessly!
You are too injured to fight recklessly!
You are too injured to fight recklessly!
You are too injured to fight recklessly!
You are too injured to fight recklessly!
You are too injured to fight recklessly!
You are too injured to fight recklessly!
You are too injured to fight recklessly!
You are too injured to fight recklessly!
You are too injured to fight recklessly!
You are too injured to fight recklessly!
You are too injured to fight recklessly!
You are too injured to fight recklessly!
You are too injured to fight recklessly!
You are too injured to fight recklessly!
You are too injured to fight recklessly!
You are too injured to fight recklessly!
You hit the two-headed ogre. You burn the two-headed ogre.
The two-headed ogre is heavily wounded.
You closely miss the two-headed ogre.
The two-headed ogre is heavily wounded.
The two-headed ogre hits you with a +0 giant club!
* * * LOW HITPOINT WARNING * * *
The two-headed ogre hits you but does no damage.
You barely miss the two-headed ogre. You tail-slap the two-headed ogre.
The two-headed ogre is heavily wounded.
The two-headed ogre hits you with a +0 giant club!!
* * * LOW HITPOINT WARNING * * *
You block the two-headed ogre's attack.
You hit the two-headed ogre. You burn the two-headed ogre.
The two-headed ogre is severely wounded.
You hit the two-headed ogre. You burn the two-headed ogre.
Your tail-slap misses the two-headed ogre.
The two-headed ogre is severely wounded.
You feel yourself speed up.
The two-headed ogre hits you with a +0 giant club!
You die...

#....#.......##..##...#..
#....#.............y..'..
#....###.######.......#..
##...>.#.# #.......#..
#.....#.. #..##...#.. #.....#
#..##...#.. #######.....#
#..#....#..
#...........########..#....#..
#............@O....#####...#..
#....................
#....................
#########+##.........
#......... #.........
#.......## #.......#


You could see a two-headed ogre.

Vanquished Creatures
  2 two-headed ogres
  Pikel (D:8)
  Psyche (D:8)
  Maggie (D:7)
  A troll (D:8)
  A hornet (D:8)
  Prince Ribbit (D:8)
  9 yaks (D:9)
  2 wyverns (D:9)
  A wraith (D:10)
  2 steam dragons (D:8)
  An acid dragon (D:9)
  Duvessa (D:6)
  An ice beast (D:8)
  4 orc warriors
  2 sky beasts (D:7)
  A black bear (D:8)
  2 ogres
  A centaur (D:6)
  A phantom (D:6)
  4 bullfrogs
  5 scorpions
  12 wights
  Dowan (D:6)
  5 killer bees
  5 howler monkeys
  3 orc priests
  3 centaur zombies (Ossuary)
  4 hounds
  2 jellies
  A human zombie (Ossuary)
  An iguana (D:5)
  6 orc wizards
  2 ogre zombies (Ossuary)
  8 mummies
  A gnoll (D:2)
  8 adders
  2 shadow imps
  A white imp (D:7)
  An ufetubus (D:5)
  4 adder zombies (Ossuary)
  A worm (D:3)
  3 dart slugs
  32 orcs
  11 bats
  7 endoplasms
  5 giant cockroaches
  2 gnoll zombies (Ossuary)
  5 goblins
  9 hobgoblins
  4 jackals (D:3)
  2 quokkas
  6 ball pythons
  5 frilled lizards
  4 goblin zombies (Ossuary)
  3 hobgoblin zombies (Ossuary)
  4 kobolds
  5 kobold zombies
  An orc zombie (D:5)
  4 quokka zombies (Ossuary)
  11 rats
  3 rat zombies (Ossuary)
242 creatures vanquished.

Vanquished Creatures (others)
  A plant (D:5)
1 creature vanquished.

Grand Total: 243 creatures vanquished

Notes
Turn   | Place    | Note
-------+----------+-------------------------------------------
     0 | D:1      | greasedhog the Armataur Fighter began the quest for the
                  | Orb.
     0 | D:1      | Reached XP level 1. HP: 19/19 MP: 1/1
   195 | D:1      | Reached XP level 2. HP: 26/26 MP: 2/2
   564 | D:1      | Reached XP level 3. HP: 33/33 MP: 3/3
  1010 | D:2      | Found a faded altar of an unknown god.
  1350 | D:2      | Reached XP level 4. HP: 40/40 MP: 4/4
  1597 | D:3      | Found a transporter.
  2141 | D:3      | Found a transporter.
  2331 | D:4      | Reached XP level 5. HP: 27/49 MP: 5/5
  2551 | D:4      | Noticed an ogre
  2555 | D:4      | Killed an ogre
  2556 | D:4      | Reached XP level 6. HP: 55/55 MP: 6/6
  2826 | D:4      | Found a staircase to the Ecumenical Temple.
  2876 | Temple   | Entered the Ecumenical Temple
  3184 | D:5      | Entered Level 5 of the Dungeon
  3305 | D:5      | Reached skill level 5 in Armour
  3308 | D:5      | Reached XP level 7. HP: 48/64 MP: 7/7
  3366 | D:5      | Found an ancient bone altar of Kikubaaqudgha.
  3412 | D:5      | Found a stormy altar of Qazlal.
  3456 | D:5      | Found a sand-covered staircase.
  3495 | Ossuary  | Entered an ossuary
  3619 | Ossuary  | Reached skill level 5 in Fighting
  3730 | Ossuary  | Reached skill level 5 in Shields
  4069 | Ossuary  | Reached skill level 5 in Maces & Flails
  4462 | D:5      | Reached XP level 8. HP: 58/73 MP: 8/8
  4630 | D:6      | Noticed Duvessa
  4630 | D:6      | Noticed Dowan
  4656 | D:6      | Killed Duvessa
  4660 | D:6      | Killed Dowan
  5020 | D:6      | Found a shimmering altar of Xom.
  5733 | D:6      | Found a shadowy altar of Dithmenos.
  5758 | D:6      | Found an iron altar of Okawaru.
  5773 | D:6      | Found a glowing golden altar of the Shining One.
  5784 | D:6      | Became a worshipper of Warmaster Okawaru
  5815 | D:6      | Found a glowing silver altar of Zin.
  6075 | D:7      | Noticed a two-headed ogre
  6084 | D:7      | Killed a two-headed ogre
  6084 | D:7      | Reached * piety under Okawaru
  6085 | D:7      | Reached XP level 9. HP: 83/83 MP: 8/10
  6983 | D:7      | Noticed Maggie
  7010 | D:7      | Killed Maggie
  7473 | D:7      | Reached ** piety under Okawaru
  7909 | D:8      | Noticed Prince Ribbit
  7953 | D:8      | Noticed Psyche
  8291 | D:8      | Reached XP level 10. HP: 69/89 MP: 13/13
  8313 | D:8      | Reached skill level 5 in Invocations
  8327 | D:8      | HP: 3/87 [Prince Ribbit (15)]
  8328 | D:8      | Killed Prince Ribbit
  8328 | D:8      | Reached *** piety under Okawaru
  8421 | D:8      | Killed Psyche
  8688 | D:8      | Noticed Pikel
  8735 | D:8      | Killed Pikel
  9454 | D:9      | Noticed a two-headed ogre
  9464 | D:9      | Killed a two-headed ogre
  9464 | D:9      | Reached **** piety under Okawaru
 10254 | D:9      | Reached ***** piety under Okawaru
 10352 | D:9      | Found a hazy altar of Hepliaklqana.
 10358 | D:9      | Reached XP level 11. HP: 97/98 MP: 16/16
 10386 | D:9      | Found a burning altar of Makhleb.
 10389 | D:9      | Found a radiant altar of Vehumet.
 10617 | D:10     | Entered Level 10 of the Dungeon
 10792 | D:10     | Noticed a two-headed ogre
 10799 | D:10     | HP: 1/98 [two-headed ogre/+0 giant club (22)]
 10801 | D:10     | Mangled by a two-headed ogre

Illustrated notes

Levels and vault maps discovered:
D:1:      dpeg_arrival_circle_labyrinth_a, layout_basic
D:2:      layout_loops_ring, chequers_ecumenical_altar_simple,
          corexii_corridor_pit, minmay_pentomino_w4
D:3:      gammafunk_wand_slinger, layout_basic
D:4:      layout_basic, temple_pool_b, chequers_serial_rivers_micro_c
D:5:      layout_rooms, grunt_qazlal_clouds,
          mainiacjoe_overflow_concentric_impassable, nicolae_ossuary_entry_giza,
          serial_bayou_crossing
D:6:      layout_basic, nicolae_overflow_quartered_altars, marbit_many_paths,
          uniq_duvessa
D:7:      layout_layer_cave, kennysheep_opposing_triangles, uniq_maggie
D:8:      layout_loops_ring, minmay_misc_feat_alley,
          dreamdust_princess_corridor, uniq_psyche, uniq_pikel,
          uniq_prince_ribbit1
D:9:      layout_layer_cave, minmay_overflow_temple_star_quad
D:10:     layout_gridville, lair_entry_dummy, orc_0_dummy, guppyfry_shop_venom,
          uniq_urug
Temple:   nicolae_temple_ecumenical_triangle

Skill      XL: |  1  2  3  4  5  6  7  8  9 10 |
---------------+-------------------------------+-----
Maces & Flails | 2 3 4 5 6 7 9 |  9.3
Fighting       | 3 4 5 6 7 |  7.3
Armour         | 4 5 7 8 9 |  9.2
Shields        | 4 5 6 7 8 |  8.0
Invocations    | 2 4 7 |  7.3

Action                   |  1- 3 |  4- 6 |  7- 9 | 10-12 || total
-------------------------+-------+-------+-------+-------++-------
Melee: Flail             |   102 |   110 |       |       ||   212
       Tailslap          |    11 |    10 |    73 |    47 ||   141
       Whip              |       |    31 |   442 |   308 ||   781
Throw: Throwing net      |       |       |     1 |       ||     1
Invok: Heroism           |       |       |     1 |     3 ||     4
Evoke: Wand              |       |     3 |     1 |     3 ||     7
  Use: Scroll            |     3 |     1 |    10 |       ||    14
       Potion            |       |       |     3 |       ||     3
 Stab: Held in net/web   |       |       |     3 |       ||     3
       Sleeping          |       |       |     1 |       ||     1
Armor: Scale mail        |    67 |   103 |    82 |       ||   252
       Plate armour      |       |       |    31 |       ||    31
       Steam dragon scal |       |       |    18 |    41 ||    59
       Acid dragon scale |       |       |       |    70 ||    70
Dodge: Dodged            |    33 |    64 |    98 |   101 ||   296
Block: Buckler           |     9 |    57 |    71 |    56 ||   193

Table legend: (Time is in decaauts)
 A = Elapsed time spent in this place.
 B = Non-inter-level travel time spent in this place.
 C = Inter-level travel time spent in this place.
 D = Time resting spent in this place.
 E = Time spent auto-exploring this place.
 F = Levels seen in this place.
 G = Mean time per level.
                   A        B        C        D        E       F      G
               +--------+--------+--------+--------+--------+-----+--------+
         Total |  10697 |  10288 |    409 |   1266 |   7222 |  12 |  891.4 |
       Dungeon |  10053 |   9655 |    398 |   1266 |   6768 |  10 | 1005.3 |
        Temple |     42 |     31 |     11 |      0 |     25 |   1 |   42.0 |
       Ossuary |    601 |    601 |      0 |      0 |    429 |   1 |  601.0 |
               +--------+--------+--------+--------+--------+-----+--------+

Top non-repeatable levels by time:
     D:7: 2009 daAuts
     D:8: 1332 daAuts
     D:6: 1290 daAuts
     D:9: 1143 daAuts
     D:5: 936 daAuts
     D:1: 857 daAuts
     D:4: 832 daAuts
     D:3: 767 daAuts
     D:2: 750 daAuts
 Ossuary: 601 daAuts
    D:10: 133 daAuts
  Temple: 42 daAuts
